 Dungeon Crawl Stone Soup version 0.31-a0-150-g89dc3ad700 (webtiles) character file.

Game seed: 8145462658866282255

532 qw the Shooter (level 7, -1/44 HPs)
             Began as a Gargoyle Hunter on June 8, 2023.
             Was an Initiate of Okawaru.
             Slain by a wight
             ... wielding a +3 long sword
              (12 damage)
             ... on level 5 of the Dungeon.
             The game lasted 00:01:30 (3295 turns).

qw the Shooter (Gargoyle Hunter)                    Turns: 3295, Time: 00:01:30

Health: -1/44      AC: 12    Str: 14 (15) XL:     7   Next: 24%
Magic:  7/7        EV: 11    Int:  9      God:    Okawaru [......]
Gold:   83         SH:  0    Dex: 15      Spells: 6/6 levels left

rFire   . . .        Y - +0 shortbow (drain)
rCold   . . .        (shield currently unavailable)
rNeg    + . .        k - +0 ring mail
rPois   inf          (no helmet)
rElec   +            d - +0 cloak
rCorr   .            (no gloves)
SInv    .            a - +0 pair of boots
Will    .....        (no amulet)
Stlth   +            (no ring)
HPRegen 0.27/turn    (no ring)
MPRegen 0.10/turn

%: no passive effects
@: no status effects
A: sickness immunity, AC +4, negative energy resistance 1, electricity
resistance, torment resistance 1, petrification resistance
a: Renounce Religion


You were on level 5 of the Dungeon.
You worshipped Okawaru.
Okawaru was noncommittal.
You visited 2 branches of the dungeon, and saw 6 of its levels.

You collected 172 gold pieces.
You spent 89 gold pieces at shops.


Innate Abilities, Weirdness & Mutations

You are immune to sickness and miasma.
Your stone body is resilient. (AC +4)
You are immune to poison.
You resist negative energy. (rN+)
You are resistant to electric shocks. (rElec)
You are resistant to unholy torment.
You are immune to petrification.


   Skills:
 - Level 4.5 Fighting
 + Level 7.3 Ranged Weapons
 - Level 2.1 Armour
 - Level 1.5 Dodging
 - Level 1.1 Stealth


You had 6 spell levels left.
You didn't know any spells.
Your spell library was empty.

Inventory:

Hand Weapons
 Y - a +0 shortbow of draining (weapon)
Armour
 a - a +0 pair of boots (worn)
 d - a +0 cloak (worn)
 k - a +0 ring mail (worn)
Scrolls
 b - a scroll of identify
Potions
 c - a potion of curing
 e - a potion of mutation {unknown}
 g - a potion of haste
 h - a potion of cancellation {unknown}
 j - a potion of resistance {unknown}

Dungeon Overview and Level Annotations

Branches:
Dungeon (5/15)             Temple (1/1) D:5

Altars:
Elyvilon
Fedhas
Gozag
Hepliaklqana
Kikubaaqudgha
Makhleb
Okawaru
Vehumet
Wu Jian
Xom
Yredelemnul
Zin

Shops:
D:1 *   D:4 [


Message History

The wight hits you with a +3 long sword.
You shoot an arrow. The arrow hits the wight.
The wight is almost destroyed.
The jackal misses you. The wight misses you.
The wight hits you but does no damage.
The jackal bites you but does no damage.
You shoot an arrow.
The arrow hits the wight but does no damage.
The wight is almost destroyed.
The jackal barely misses you.
The wight hits you with a +0 long sword.
The wight barely misses you.
The jackal bites you but does no damage.
You shoot an arrow. The arrow closely misses the wight.
The arrow barely misses the wight.
The wight hits you with a +3 long sword.
The wight misses you. The jackal barely misses you.
You shoot an arrow. The arrow hits the wight.
You destroy the wight!
Okawaru accepts your kill. The jackal barely misses you.
The wight hits you with a +3 long sword.
The jackal barely misses you. The jackal misses you.
The wight hits you with a +3 long sword!
You feel your dexterity returning.
You shoot an arrow. The arrow hits the wight.
The wight is heavily damaged.
The jackal bites you but does no damage.
The jackal barely misses you. The wight barely misses you.
You shoot an arrow. The arrow hits the wight.
The wight is severely damaged.
The jackal bites you but does no damage.
The jackal bites you.
The jackal bites you but does no damage. x2
The wight hits you with a +3 long sword.
You shoot an arrow. The arrow hits the wight.
The wight is almost destroyed.
The jackal bites you but does no damage. x2
The wight hits you with a +3 long sword!
You die...

..........
..<......... #. .#
.##########..#.##.#
.# ###..#....# .#
...<...#.# .# #
#####..#..#.#####.
.#
#...........#.......
.#
#..####....h#..%....
.####..#......zz@)#
...............h###
###.#..#........#
.....P.P..##....#
######.##....#..#
###P#...#..#...##
..)...>....##.##
.##P#...#P###.#
.#####.##.# #.#


You could see 2 wights and 2 jackals.

Vanquished Creatures
  An ogre (D:4)
  A phantom (D:4)
  A scorpion (D:4)
  A wight (D:5)
  A hound (D:5)
  A sleepcap (D:5)
  An orc wizard (D:3)
  3 gnolls (D:2)
  3 adders
  2 worms
  6 dart slugs
  10 orcs
  12 ball pythons
  9 bats
  3 endoplasms
  7 goblins
  12 hobgoblins
  6 jackals (D:5)
  2 quokkas
  2 frilled lizards (D:2)
  9 kobolds
  9 rats
102 creatures vanquished.

Notes
Turn   | Place    | Note
-------+----------+-------------------------------------------
     0 | D:1      | qw the Gargoyle Hunter began the quest for the Orb.
     0 | D:1      | Reached XP level 1. HP: 12/12 MP: 1/1
     0 | D:1      | 0 ||| qw: Version: 0.2-a-119-g7aa9181
     0 | D:1      | 0 ||| qw: Game counter: 2766
     0 | D:1      | 0 ||| qw: Always use a shield: true
     0 | D:1      | 0 ||| qw: God list: Okawaru
     0 | D:1      | 0 ||| qw: Allow faded altars: false
     0 | D:1      | 0 ||| qw: Do Orc after D:15 true
     0 | D:1      | 0 ||| qw: Do second Lair branch before Depths: true
     0 | D:1      | 0 ||| qw: Lair rune preference: random
     0 | D:1      | 0 ||| qw: Plans: Normal
     0 | D:1      | 0 ||| PLANNING D:1-11
    45 | D:1      | Reached XP level 2. HP: 15/17 MP: 2/2
   253 | D:1      | Reached XP level 3. HP: 21/21 MP: 3/3
   256 | D:1      | Reached skill level 5 in Ranged Weapons
   256 | D:1      | Found Yren's Assorted Antiques.
   274 | D:1      | 274 ||| SHOPLISTING long ivory wand (124 gold, have 43).
   274 | D:1      | 274 ||| BUYING scroll labelled AMEDOC UNAUS (31 gold).
   274 | D:1      | Bought a scroll labelled AMEDOC UNAUS for 31 gold pieces
   274 | D:1      | 274 ||| SHOPLISTING sedimented yellow potion (27 gold, have
                  | 12).
   358 | D:1      | 358 ||| UPGRADING to +0 ring mail.
   368 | D:1      | 368 ||| DROPPING +0 leather armour.
   369 | D:1      | 369 ||| READING scroll labelled XOLEKE ZUOKUI.
   370 | D:1      | 370 ||| READING scroll labelled ICOECHUQUG.
   371 | D:1      | 371 ||| READING scroll labelled MOS OMIFEA.
   372 | D:1      | 372 ||| READING scroll labelled AMEDOC UNAUS.
   388 | D:1      | 388 ||| READING scroll labelled DILEJI SATEJ.
   389 | D:1      | 389 ||| DROPPING scroll of butterflies.
   487 | D:2      | Reached skill level 1 in Armour
   598 | D:2      | Reached XP level 4. HP: 27/27 MP: 4/4
   670 | D:2      | Reached skill level 3 in Fighting
   866 | D:2      | 866 ||| READING scroll labelled ZADARICKIKEM.
   867 | D:2      | 867 ||| READING 2 scrolls labelled BAXTIU SOWNAPP.
   868 | D:2      | 868 ||| DRINKING 2 white potions.
   869 | D:2      | 869 ||| DROPPING potion of degeneration.
   955 | D:3      | Reached XP level 5. HP: 32/32 MP: 5/5
  1554 | D:3      | Found a faded altar of an unknown god.
  1594 | D:3      | 1594 ||| UPGRADING to +0 pair of boots.
  1599 | D:3      | 1599 ||| READING scroll labelled EGAMAA XAEGYTE.
  1600 | D:3      | 1600 ||| DRINKING 2 lumpy golden potions.
  1601 | D:3      | 1601 ||| DRINKING 2 bubbling puce potions.
  1602 | D:3      | 1602 ||| READING 3 scrolls of identify.
  1602 | D:3      | 1602 ||| IDENTIFYING black potion
  1603 | D:3      | 1603 ||| READING 2 scrolls of identify.
  1603 | D:3      | 1603 ||| IDENTIFYING viscous green potion
  1604 | D:3      | 1604 ||| DROPPING potion of invisibility.
  1605 | D:3      | 1605 ||| DROPPING potion of enlightenment.
  1663 | D:4      | Reached skill level 6 in Ranged Weapons
  1897 | D:4      | Noticed an ogre
  1903 | D:4      | HP: 5/32 [ogre/+0 giant club (12)]
  1904 | D:4      | 1904 ||| DRINKING potion of heal wounds.
  1907 | D:4      | Killed an ogre
  1908 | D:4      | Reached XP level 6. HP: 15/39 MP: 6/6
  2144 | D:4      | Found Fool's Armour Boutique.
  2147 | D:4      | 2147 ||| BUYING +0 cloak (58 gold).
  2147 | D:4      | Bought a +0 cloak for 58 gold pieces
  2147 | D:4      | 2147 ||| SHOPLISTING +0 helmet (58 gold, have 37).
  2147 | D:4      | 2147 ||| SHOPLISTING +0 ring mail of cold resistance (143
                  | gold, have 37).
  2147 | D:4      | 2147 ||| SHOPLISTING +1 leather armour "Unkubb" {rF+ Dex+3}
                  | (354 gold, have 37).
  2225 | D:4      | Noticed a moth of wrath
  2226 | D:4      | 2226 ||| UPGRADING to +0 cloak.
  2523 | D:4      | 2523 ||| FLEEEEING.
  2929 | D:4      | 2929 ||| FLEEEEING.
  2930 | D:4      | 2930 ||| FLEEEEING.
  2984 | D:4      | 2984 ||| DRINKING 2 smoky inky potions.
  2985 | D:4      | 2985 ||| DRINKING 2 sedimented yellow potions.
  2986 | D:4      | 2986 ||| DROPPING potion of brilliance.
  3007 | D:5      | Entered Level 5 of the Dungeon
  3051 | D:5      | Found a staircase to the Ecumenical Temple.
  3052 | D:5      | 3052 ||| PLANNING TEMPLE
  3060 | Temple   | Entered the Ecumenical Temple
  3120 | Temple   | 3120 ||| PLANNING OKAWARU WORSHIP
  3219 | Temple   | Became a worshipper of Warmaster Okawaru
  3219 | Temple   | 3219 ||| PLANNING D:1-11
  3266 | D:5      | Reached skill level 7 in Ranged Weapons
  3266 | D:5      | Reached XP level 7. HP: 44/44 MP: 7/7
  3294 | D:5      | HP: 11/44 [wight/+3 long sword (2)]
  3295 | D:5      | Slain by a wight

Levels and vault maps discovered:
D:1:      lemuel_arrival_behind_the_door_small, layout_rooms, serial_shops,
          shop, serial_glass, glass_columns_a, glass_columns_a
D:2:      layout_basic, minivault_19
D:3:      layout_loops_ring, serial_glass, glass_columns_b, glass_columns_c,
          due_unseen_surprise, item_on_display_a, minmay_strange_pillars,
          hellmonk_ecumenical_altar_defaced_shrine
D:4:      layout_layer_cave, tgw_trog, serial_shops,
          nicolae_shop_real_fake_doors, minmay_goblin_outpost
D:5:      layout_loops_ring, nicolae_sif_muna_condensation,
          minmay_temple_entry_gardened_gates, amcnicky_mini_pool_small
Temple:   hellmonk_temple_flake

Skill      XL: |  1  2  3  4  5  6  7 |
---------------+----------------------+-----
Ranged Weapons | 5 6 7 |  7.3
Armour         | 1 2 |  2.1
Fighting       | 3 4 |  4.5
Dodging        | |  1.5
Stealth        | |  1.1

Action                     |  1- 3 |  4- 6 |  7- 9 || total
---------------------------+-------+-------+-------++-------
   Fire: Shortbow          |    86 |   199 |    30 ||   315
    Use: Scroll            |     5 |     5 |       ||    10
         Potion            |       |     6 |       ||     6
 Armour: Leather armour    |     6 |       |       ||     6
         Ring mail         |     6 |    57 |    41 ||   104
  Dodge: Dodged            |    28 |    61 |    54 ||   143

Table legend:
 A = Non-vault XP
 B = Vault XP
 C = Vault XP percentage of total XP
 D = Non-vault monster count
 E = Vault monster count
 F = Vault count percentage of total count
                 A         B        C        D         E       F
            +---------+---------+-------+---------+---------+-------
      Total |     739 |      22 |   2.9 |      92 |      10 |   9.8
            +---------+---------+-------+---------+---------+-------
        D:1 |      44 |       0 |   0.0 |      24 |       0 |   0.0
        D:2 |      96 |       0 |   0.0 |      22 |       0 |   0.0
        D:3 |      75 |       9 |  10.7 |      20 |       3 |  13.0
        D:4 |     354 |      13 |   3.5 |      16 |       7 |  30.4
        D:5 |     170 |       0 |   0.0 |      10 |       0 |   0.0
            +---------+---------+-------+---------+---------+-------
